 Dungeon Crawl Stone Soup version 0.31-a0-263-ge8cad7f256 (webtiles) character file.

Game seed: 8337416987951008435

37 qw the Shooter (level 3, -1/21 HPs)
             Began as a Gargoyle Hexslinger on July 13, 2023.
             Slain by a hobgoblin (2 damage)
             ... led by Robin
             ... on level 2 of the Dungeon.
             The game lasted 00:00:22 (1267 turns).

qw the Shooter (Gargoyle Hexslinger)                Turns: 1267, Time: 00:00:23

Health: -1/21      AC:  5    Str: 11    XL:     3   Next: 41%
Magic:  4/4        EV: 12    Int: 13    God:
Gold:   11         SH:  0    Dex: 14    Spells: 3/4 levels left

rFire   . . .        Y - +1 sling
rCold   . . .        (no shield)
rNeg    + . .        c - +0 robe
rPois   inf          (no helmet)
rElec   +            (no cloak)
rCorr   .            (no gloves)
SInv    +            (no boots)
Will    .....        (no amulet)
Stlth   +            l - ring of see invisible
HPRegen 0.23/turn    (no ring)
MPRegen 0.09/turn

%: no passive effects
@: no status effects
A: sickness immunity, AC +3, negative energy resistance 1, electricity
resistance, torment resistance 1, petrification resistance
a: no special abilities


You were on level 2 of the Dungeon.
You visited 1 branch of the dungeon, and saw 2 of its levels.

You collected 74 gold pieces.
You spent 63 gold pieces at shops.


Innate Abilities, Weirdness & Mutations

You are immune to sickness and miasma.
Your stone body is resilient. (AC +3)
You are immune to poison.
You resist negative energy. (rN+)
You are resistant to electric shocks. (rElec)
You are resistant to unholy torment.
You are immune to petrification.


   Skills:
 - Level 2.0 Fighting
 + Level 3.3 Ranged Weapons
 - Level 1.5 Dodging
 - Level 1.0 Spellcasting
 - Level 2.6 Hexes


You had 3 spell levels left.
You knew the following spells:

 Your Spells              Type           Power      Damage    Failure   Level
a - Slow                  Hex            28%        N/A       10%         1

Your spell library contained the following spells:

 Spells                   Type           Power      Damage    Failure   Level
 Inner Flame              Hex/Fire       4%         N/A       43%         3
 Portal Projectile        Hex/Tloc       8%         N/A       43%         3
 Cause Fear               Hex            3%         N/A       67%         4

Inventory:

Hand Weapons
 Y - a +1 sling (weapon)
Armour
 c - a +0 robe (worn)
Jewellery
 l - a ring of see invisible (left hand)
Scrolls
 n - a scroll of identify
Potions
 d - a potion of heal wounds
 e - a potion of berserk rage {unknown}
 g - a potion of lignification {unknown}
 i - a potion of enlightenment {unknown}
 j - a potion of resistance
 k - a potion of curing

Dungeon Overview and Level Annotations

Branches:
Dungeon (2/15)

Altars:

Shops:
D:1 (?(!=

Annotations:
D:2 Robin, Sigmund


Message History

Robin barely misses you. The goblin hits you but does no damage.
You shoot a sling bullet. The sling bullet hits the goblin.
The goblin is severely wounded.
Robin throws the goblin at you!
A goblin comes into view. It is wielding a +0 dagger.
The goblin closely misses you. x2
You shoot a sling bullet. The sling bullet hits the goblin.
You kill the goblin!
Robin throws the goblin at you! The goblin completely misses you.
The goblin hits you but does no damage. The goblin hits you with a +0 dagger.
Robin roars a battlecry!
The goblins go into a battle-frenzy!
The goblin barely misses you. The hobgoblin barely misses you.
You hear a shout!
You shoot a sling bullet.
The sling bullet hits the goblin but does no damage.
The goblin is moderately wounded.
Robin hits you but does no damage. The hobgoblin barely misses you.
The goblin hits you but does no damage. The goblin hits you with a +0 dagger.
You shoot a sling bullet. The sling bullet hits the goblin!
You kill the goblin!
The hobgoblin hits you but does no damage.
The hobgoblin closely misses you. The goblin hits you but does no damage.
Robin throws the goblin at you! The dart slug closely misses you.
You shoot a sling bullet.
The sling bullet hits the dart slug but does no damage.
The hobgoblin barely misses you. The goblin misses you.
Sigmund the Dreaded comes into view.
He is wielding a +2 scythe of distortion.
The goblin completely misses you. Robin closely misses you.
The dart slug launches a dart at you. The slug dart misses you.
The slug dart misses the hobgoblin.
You shoot a sling bullet. The sling bullet hits the dart slug!
The dart slug is almost dead.
The hobgoblin hits you. The goblin closely misses you.
Robin hits you from afar with a +0 spear.
The dart slug launches a dart at you. The slug dart misses you.
The slug dart hits the hobgoblin.
The hobgoblin dies!
The hobgoblin hits you.
You die...

#################
#.................##
#...............#..#
#................#.#
#.......%........>.##
#......%.............
######.#..........#
#.#....).g...#
#.#....g@g...#
#.##...gwg..##
#.#.......g...@.
#.#........g...#
#.#..>........##
#.#...........#
#<#.............
#.#.........###.
#.#........##


You could see Sigmund, Robin, a dart slug, 2 hobgoblins and 4 goblins.

Vanquished Creatures
  2 bats (D:1)
  3 endoplasms
  2 giant cockroaches (D:1)
  6 goblins
  3 hobgoblins
  A kobold (D:1)
  4 quokkas
  4 ball pythons
  3 frilled lizards
  4 rats (D:1)
32 creatures vanquished.

Vanquished Creatures (others)
  A hobgoblin (D:2)
1 creature vanquished.

Grand Total: 33 creatures vanquished

Notes
Turn   | Place    | Note
-------+----------+-------------------------------------------
     0 | D:1      | qw the Gargoyle Hexslinger began the quest for the Orb.
     0 | D:1      | Reached XP level 1. HP: 12/12 MP: 2/2
     0 | D:1      | 0 ||| qw: Version: 0.3-a-52-g30416fa
     0 | D:1      | 0 ||| qw: Game counter: 7496
     0 | D:1      | 0 ||| qw: Melee chars always use a shield: true
     0 | D:1      | 0 ||| qw: God list: Okawaru
     0 | D:1      | 0 ||| qw: Allow faded altars: false
     0 | D:1      | 0 ||| qw: Do Orc after clearing Dungeon:15 true
     0 | D:1      | 0 ||| qw: Do second Lair branch before Depths: true
     0 | D:1      | 0 ||| qw: Lair rune preference: random
     0 | D:1      | 0 ||| qw: Goals: Normal
     0 | D:1      | 0 ||| PLANNING D:1-11
    38 | D:1      | Found Ameur's Jewellery Emporium.
    49 | D:1      | 49 ||| SHOPLISTING +5 ring of evasion (504 gold, have 15).
    49 | D:1      | 49 ||| SHOPLISTING +6 ring of dexterity (504 gold, have
                  | 15).
    49 | D:1      | 49 ||| SHOPLISTING +6 ring of strength (504 gold, have 15).
    49 | D:1      | 49 ||| SHOPLISTING ring of positive energy (280 gold, have
                  | 15).
    49 | D:1      | 49 ||| SHOPLISTING ring of protection from fire (350 gold,
                  | have 15).
    49 | D:1      | 49 ||| SHOPLISTING ring of resist corrosion (280 gold, have
                  | 15).
    49 | D:1      | 49 ||| SHOPLISTING ring of see invisible (210 gold, have
                  | 15).
   100 | D:1      | Reached XP level 2. HP: 16/16 MP: 3/3
   221 | D:1      | Found Puecriu's Distillery.
   233 | D:1      | 233 ||| SHOPLISTING 2 potions of curing (78 gold, have 48).
   233 | D:1      | 233 ||| BUYING potion of curing (39 gold).
   233 | D:1      | Bought a potion of curing for 39 gold pieces
   233 | D:1      | 233 ||| SHOPLISTING potion of haste (130 gold, have 9).
   233 | D:1      | 233 ||| SHOPLISTING potion of heal wounds (65 gold, have
                  | 9).
   256 | D:1      | Reached skill level 3 in Ranged Weapons
   290 | D:1      | Found Guaco's Antique Weapon Boutique.
   295 | D:1      | 295 ||| SHOPLISTING shortbow (48 gold, have 18).
   685 | D:1      | Found Velanaed's Weapon Shoppe.
   861 | D:1      | Found Uniyd Tenith's Magic Scroll Emporium.
   863 | D:1      | Reached XP level 3. HP: 21/21 MP: 4/4
   871 | D:1      | 871 ||| SHOPLISTING 3 scrolls of identify (72 gold, have
                  | 35).
   871 | D:1      | 871 ||| SHOPLISTING scroll of enchant armour (90 gold, have
                  | 35).
   871 | D:1      | 871 ||| SHOPLISTING scroll of enchant weapon (90 gold, have
                  | 35).
   871 | D:1      | 871 ||| BUYING scroll of identify (24 gold).
   871 | D:1      | Bought a scroll of identify for 24 gold pieces
   871 | D:1      | 871 ||| SHOPLISTING scroll of identify (24 gold, have 11).
   871 | D:1      | 871 ||| SHOPLISTING scroll of teleportation (36 gold, have
                  | 11).
  1186 | D:1      | 1186 ||| UPGRADING to ring of see invisible.
  1187 | D:1      | 1187 ||| READING scroll labelled KIJ DESOAL AME.
  1191 | D:1      | 1191 ||| READING 2 scrolls labelled VATHRE OCIRA.
  1192 | D:1      | 1192 ||| READING scroll labelled JAHUYJI EHUCVI.
  1193 | D:1      | 1193 ||| DRINKING 2 viscous ruby potions.
  1194 | D:1      | 1194 ||| DRINKING 2 silvery potions.
  1195 | D:1      | 1195 ||| DROPPING scroll of poison.
  1196 | D:1      | 1196 ||| DROPPING scroll of revelation.
  1254 | D:2      | Noticed Robin
  1266 | D:2      | Noticed Sigmund
  1267 | D:2      | HP: 1/21 [Robin/+0 spear (5)]
  1267 | D:2      | Slain by a hobgoblin

Levels and vault maps discovered:
D:1:      tarquinn_simple_flora_water_f, layout_basic, serial_forest,
          infiniplex_forest_zigzag_2, infiniplex_forest_clump_small,
          infiniplex_forest_clump_large, infiniplex_forest_join, serial_shops,
          shop, shop, shop, shop, shop, minmay_tetromino_o2
D:2:      layout_rooms, serial_shops, shop, uniq_robin, uniq_sigmund

Skill      XL: |  1  2 |
---------------+-------+-----
Ranged Weapons | 3 |  3.3
Fighting       | 2 |  2.0
Dodging        | |  1.5
Spellcasting   | |  1.0
Hexes          | |  2.6

Action                     || total
---------------------------++-------
   Fire: Sling             ||    78
    Use: Scroll            ||     3
         Potion            ||     2
 Armour: Robe              ||     6
  Dodge: Dodged            ||    36

Table legend:
 A = Non-vault XP
 B = Vault XP
 C = Vault XP percentage of total XP
 D = Non-vault monster count
 E = Vault monster count
 F = Vault count percentage of total count
                 A         B        C        D         E       F
            +---------+---------+-------+---------+---------+-------
      Total |      45 |       9 |  16.7 |      27 |       5 |  15.6
            +---------+---------+-------+---------+---------+-------
        D:1 |      39 |       1 |   2.5 |      23 |       1 |   4.2
        D:2 |       6 |       8 |  57.1 |       4 |       4 |  50.0
            +---------+---------+-------+---------+---------+-------
